 Dungeon Sprint DCSS version 0.31-a0-1-g4198be8af4 (webtiles) character file.

Game seed: 11931062273492219458

945 123456 the Fighter (level 7, -1/78 HPs)
             Began as a Minotaur Fighter on May 2, 2023.
             Was an Initiate of Gozag.
             Slain by a troll (14 damage)
             ... in the Dungeon (Sprint IX: "|||||||||||||||||||||||||||||").
             The game lasted 00:00:40 (307 turns).

123456 the Fighter (Minotaur Fighter)                Turns: 307, Time: 00:00:41

Health: -1/78      AC: 17    Str: 23    XL:     7   Next: 89%
Magic:  6/6        EV: 15    Int:  8    God:    Gozag
Gold:   0          SH:  0    Dex:  9    Spells: 6/6 levels left

rFire   . . .        n - +2 dire flail (protect)
rCold   . . .        (shield currently unavailable)
rNeg    . . .        b - +2 ring mail
rPois   .            (helmet restricted)
rElec   .            (no cloak)
rCorr   .            a - +0 pair of gloves
SInv    .            (no boots)
Will    .....        (no amulet) Stlth
                     c - +2 ring of evasion
HPRegen 0.33/turn    o - +3 ring of intelligence
MPRegen 0.10/turn

%: no teleportation
@: gold aura, under a protective aura
A: horns 2, retaliatory headbutt
a: Renounce Religion, Potion Petition, Call Merchant, Bribe Branch


You were in the Dungeon.
You worshipped Gozag.
Gozag was noncommittal.
You visited 1 branch

Inventory:

Hand Weapons
 n - a +2 dire flail of protection (weapon)
Armour
 a - a +0 pair of gloves (worn)
 b - a +2 ring mail (worn)
Jewellery
 c - a +2 ring of evasion (left hand)
 o - a +3 ring of intelligence (right hand)
Wands
 m - a wand of quicksilver (10)
Scrolls
 j - 2 scrolls of blinking
 l - 2 scrolls of amnesia
Potions
 d - a potion of might
 e - 5 potions of curing
 f - 3 potions of heal wounds
 g - a potion of haste
 h - 4 potions of magic
 i - a potion of berserk rage
 k - a potion of invisibility


   Skills:
 * Level 12.4 Fighting
 * Level 12.2 Maces & Flails
 + Level 9.3 Armour
 + Level 7.5 Dodging
 - Level 3.6 Shields


You had 6 spell levels left.
You didn't know any spells.
Your spell library was empty.

Dungeon Overview and Level Annotations

Branches:
Dungeon (1/1)

Altars:
Cheibriados
Dithmenos
Elyvilon
Fedhas
Gozag
Hepliaklqana
Kikubaaqudgha
Makhleb
Nemelex Xobeh
Okawaru
Qazlal
Ru
Sif Muna
Trog
Uskayaw
Vehumet
Wu Jian
Xom
Yredelemnul
Zin
The Shining One
Jiyva
Lugonu


Innate Abilities, Weirdness & Mutations

You have a pair of horns on your head.
You reflexively headbutt those who attack you in melee.


Message History

You sock the centaur!
The centaur is severely wounded.
The centaur barely misses you.
The centaur kicks you but does no damage.
Unknown command.
Unknown command.
You barely miss the centaur. You headbutt the centaur!
You kill the centaur!
The orc warrior is no longer distracted by gold.
Your Maces & Flails skill increases to level 12!
Things that are here:
261 gold pieces; a +0 shortbow You closely miss the orc warrior.
The orc warrior hits you but does no damage.
You barely miss the orc warrior. The orc warrior barely misses you.
You puncture the orc warrior!
The orc warrior is moderately wounded.
You barely miss the orc warrior. You headbutt the orc warrior.
The orc warrior is heavily wounded.
The orc warrior closely misses you. You furiously retaliate!
You headbutt the orc warrior! You puncture the orc warrior!
You kill the orc warrior!
You hit the troll.
You headbutt the troll, but do no damage.
The troll is lightly wounded.
You barely miss the troll.
The troll is lightly wounded.
The troll bites you!
* * * LOW HITPOINT WARNING * * *
The troll barely misses you. The troll misses you.
You sock the troll!
The troll is moderately wounded.
The troll bites you but does no damage. The troll claws you but does no damage.
The troll barely misses you.
You sock the troll!
The troll is heavily wounded.
The troll bites you!
You die...
Your body crumbles into a pile of gold.

$
▓)▓
$
▓.▓
▓[▓
$
▓.▓
▓.▓
$
▓.▓
▓.▓
$
▓$▓
$
▓@▓
$
▓T▓
$
▓.▓
$ $
▓.▓
$
▓.▓
$
▓.▓
▓+▓


You could see a troll.

Vanquished Creatures
  An unseen horror (D)
  A troll (D)
  A vampire mosquito (D)
  An orc warrior (D)
  An ogre (D)
  A centaur (D)
  A scorpion (D)
  An iguana (D)
  2 orcs (D)
  A goblin (D)
  A hobgoblin (D)
  A bat (D)
  A frilled lizard (D)
  A kobold (D)
15 creatures vanquished.

Notes
Turn   | Place    | Note
-------+----------+-------------------------------------------
     0 | D        | 123456 the Minotaur Fighter began the quest for the Orb.
     0 | D        | Reached XP level 1. HP: 19/19 MP: 0/0
    14 | D        | Reached skill level 1 in Dodging
    20 | D        | Noticed a scorpion
    20 | D        | Noticed an iguana
    20 | D        | Noticed an ogre
    23 | D        | Killed a scorpion
    24 | D        | Reached skill level 5 in Maces & Flails
    24 | D        | Reached skill level 5 in Armour
    24 | D        | Reached XP level 2. HP: 31/31 MP: 1/1
    24 | D        | Reached XP level 3. HP: 38/38 MP: 2/2
    28 | D        | Reached XP level 4. HP: 45/45 MP: 3/3
    41 | D        | Killed an ogre
    42 | D        | Reached XP level 5. HP: 12/53 MP: 4/4
   194 | D        | Found a snail-covered altar of Cheibriados.
   194 | D        | Found a shadowy altar of Dithmenos.
   194 | D        | Found a white marble altar of Elyvilon.
   194 | D        | Found a blossoming altar of Fedhas.
   194 | D        | Found an opulent altar of Gozag.
   195 | D        | Found a hazy altar of Hepliaklqana.
   196 | D        | Found a viscous altar of Jiyva.
   197 | D        | Found an ancient bone altar of Kikubaaqudgha.
   198 | D        | Found a corrupted altar of Lugonu.
   199 | D        | Found a burning altar of Makhleb.
   200 | D        | Found a sparkling altar of Nemelex Xobeh.
   201 | D        | Found an iron altar of Okawaru.
   202 | D        | Became a worshipper of Gozag Ym Sagoz the Greedy
   205 | D        | Found a stormy altar of Qazlal.
   206 | D        | Found a sacrificial altar of Ru.
   207 | D        | Found a shimmering blue altar of Sif Muna.
   208 | D        | Found a bloodstained altar of Trog.
   209 | D        | Found a hide-covered altar of Uskayaw.
   210 | D        | Found a radiant altar of Vehumet.
   211 | D        | Found an ornate altar of the Wu Jian Council.
   212 | D        | Found a shimmering altar of Xom.
   213 | D        | Found a basalt altar of Yredelemnul.
   214 | D        | Found a glowing silver altar of Zin.
   215 | D        | Found a glowing golden altar of the Shining One.
   270 | D        | Noticed a vampire mosquito
   270 | D        | Noticed a troll
   270 | D        | Noticed a centaur
   270 | D        | Noticed an orc warrior
   270 | D        | Noticed a troll
   284 | D        | Killed an unseen horror
   285 | D        | Reached skill level 10 in Fighting
   285 | D        | Reached skill level 10 in Maces & Flails
   285 | D        | Reached XP level 6. HP: 33/67 MP: 5/5
   288 | D        | Killed a vampire mosquito
   289 | D        | Reached XP level 7. HP: 38/74 MP: 6/6
   295 | D        | Killed a troll
   307 | D        | Slain by a troll

Illustrated notes

Levels and vault maps discovered:
D:        linesprint [early_d, line_temple, items_1, d_10, items_2, lair_1,
          lair_end, items_3, orc_1, orc_end, items_4, d_15, swamp_1, shoals_1,
          snake_1, spider_1, d_20, vaults_1, items_5, swamp_end, shoals_end,
          snake_end, spider_end, vaults_end, d_27, items_6, zot_1, zot_end,
          crypt_end, forest_end, elf_end, slime_end, tomb_end, abyss_end,
          pan_hell_end]

Skill      XL: |  1  2  3  4  5  6  7 |
---------------+----------------------+-----
Fighting       | 6 8 10 11 12 | 12.4
Maces & Flails | 5 6 7 10 12 | 12.2
Dodging        | 3 4 6 7 |  7.5
Armour         | 5 6 8 9 |  9.3
Shields        | |  3.6

Action                     |  1- 3 |  4- 6 |  7- 9 || total
---------------------------+-------+-------+-------++-------
  Melee: Flail             |    17 |    14 |       ||    31
         Headbutt          |     3 |     5 |     4 ||    12
         Dire flail        |       |    18 |    17 ||    35
 Armour: Scale mail        |     7 |       |       ||     7
         Ring mail         |       |    15 |     8 ||    23
  Dodge: Dodged            |    11 |    11 |    13 ||    35
  Block: Buckler           |     3 |     1 |       ||     4

Table legend: (Time is in decaauts)
 A = Elapsed time spent in this place.
 B = Non-inter-level travel time spent in this place.
 C = Inter-level travel time spent in this place.
 D = Time resting spent in this place.
 E = Time spent auto-exploring this place.
 F = Levels seen in this place.
 G = Mean time per level.
                   A        B        C        D        E       F      G
               +--------+--------+--------+--------+--------+-----+--------+
         Total |    305 |    305 |      0 |      0 |    159 |   1 |  305.0 |
       Dungeon |    305 |    305 |      0 |      0 |    159 |   1 |  305.0 |
               +--------+--------+--------+--------+--------+-----+--------+

Top non-repeatable levels by time:
       D: 305 daAuts
